 Dungeon Crawl Stone Soup version 0.28-a0-1117-g0bdd5ba030 (webtiles) character file.

Game seed: 7574368650118399100

67 yoda5477 the Insei (level 4, 33/34 HPs)
             Began as a Demonspawn Transmuter on Dec 11, 2021.
             Quit the game on level 3 of the Dungeon.
             The game lasted 00:13:01 (2512 turns).

yoda5477 the Insei (Demonspawn Transmuter)          Turns: 2512, Time: 00:13:01

Health: 33/34      AC:  2    Str: 12    XL:     4   Next: 0%
Magic:  5/7        EV: 12    Int: 14    God:
Gold:   124        SH:  0    Dex: 14    Spells: 6/7 levels left

rFire   . . .      SeeInvis .   f - +2 dagger (speed)
rCold   . . .      Faith    .   (no shield)
rNeg    . . .      Spirit   .   a - +0 robe
rPois   .          Reflect  .   (helmet currently unavailable)
rElec   .          Harm     .   (no cloak)
rCorr   .          Rampage  .   (no gloves)
Will    .....                   (boots currently unavailable)
Stlth   ++........              (no amulet)
HPRegen 0.11/turn               m - ring of flight
MPRegen 0.20/turn               (no ring)

@: appendages, flying
A: horns 2, talons 2, demonic guardian 2, magic regeneration
a: End Transformation


You were on level 3 of the Dungeon.
You had temporarily grown beastly horns and talons.
You visited 1 branch of the dungeon, and saw 4 of its levels.

You collected 124 gold pieces.

Inventory:

Hand Weapons
 e - a +0 dagger
 f - a +2 dagger of speed (weapon)
Missiles
 c - 55 sling bullets
 d - 96 stones (quivered)
 g - 31 arrows
 j - 3 javelins
 l - 14 poisoned darts
Armour
 a - a +0 robe (worn)
 b - a +0 ring mail
 o - a +0 ring mail
Jewellery
 m - a ring of flight (left hand)
Scrolls
 h - a scroll of noise {unknown}
 i - a scroll of enchant weapon {unknown}
 k - a scroll of immolation {unknown}
 n - 2 scrolls of teleportation {unknown}
 r - a scroll of identify {unknown}
Potions
 p - a potion of curing {unknown}
 q - a potion of lignification {unknown}
 s - a potion of attraction {unknown}
 t - a potion of magic {unknown}


   Skills:
 * Level 2.3 Fighting
 + Level 2.2 Dodging
 * Level 1.9 Stealth
 - Level 2.6 Unarmed Combat
 - Level 2.0 Spellcasting
 + Level 2.2 Transmutations


You had 6 spell levels left.
You knew the following spells:

 Your Spells              Type           Power      Damage    Failure   Level
a - Beastly Appendage     Tmut           14%        N/A       10%         1

Your spell library contained the following spells:

 Spells                   Type           Power      Damage    Failure   Level
 Wereblood                Tmut           7%         N/A       14%         2
 Spider Form              Tmut/Pois      4%         N/A       41%         3
 Ice Form                 Ice/Tmut       4%         N/A       83%         4
 Petrify                  Tmut/Erth      4%         N/A       83%         4
 Metabolic Englaciation   Hex/Ice        0%         N/A       100%        5
 Statue Form              Tmut/Erth      2%         N/A       100%        6


Dungeon Overview and Level Annotations

Branches:
Dungeon (4/15)
 Temple: D:4-7

Altars:
Vehumet

Annotations:
D:3 exclusion: water moccasin


Innate Abilities, Weirdness & Mutations

You have temporarily grown beastly horns and talons.
A demonic guardian rushes to your aid.
You regenerate magic rapidly.


Message History

Found a hand axe.
There is a stone staircase leading down here.
You fly downwards.
The ufetubus shouts!
The adder hisses angrily.
You hear a shout!
Found a scroll labelled JAGRAO RU YTE.
There is a stone staircase leading up here.
You fly upwards.
Level annotation: exclusion: water moccasin
There is a stone staircase leading down here.
You reach down and open the door.
A ball python comes into view.
There is an open door here.
Casting: Beastly Appendage (safe; 10% risk of failure)
Confirm with . or Enter, or press ? or * to list all spells.
You grow a pair of large bovine horns.
Your feet morph into talons.
The helpless ball python fails to defend itself.
You puncture the ball python!
You kill the ball python!
Magic restored.
Your transformation is almost over.
You reach down and open the door.
There is an open door here.
t - a black potion
Found 21 stones.
Your horns disappear.
Your talons disappear.
d - 96 stones (gained 21)
You now have 124 gold pieces (gained 13).
You see here a +0 hand axe.
A ball python comes into view.
Casting: Beastly Appendage (safe; 10% risk of failure)
Confirm with . or Enter, or press ? or * to list all spells.
You grow a pair of large bovine horns.
Your feet morph into talons.
The ball python hisses angrily.
The ball python bites you. The ball python closely misses you.
You hit the ball python.
You kill the ball python!
You have reached level 4!
You feel agile.
Your demonic ancestry asserts itself...
Your magic begins to regenerate rapidly.
Are you sure you want to abandon this character and quit the game? (Confirm with "yes".)

### #.. .##.#.##.#
#.# #.# #.. #.
#.#.##.####.###.##.#
#.S# #
#.#.##..........##.#
#.#######.######.#
#.# #.######.# #.#
#........# #.#
########## #.# #@#
#†# #. ... #.##.#.
#..#.#.. #..#.# #.
#..#.###.# #......#
# #### #......# #<.#


There were no monsters in sight!

Vanquished Creatures
  An iguana (D:3)
  An adder (D:3)
  5 endoplasms
  3 giant cockroaches
  4 goblins
  2 hobgoblins (D:1)
  3 kobolds
  6 ball pythons
  2 bats
  4 rats
31 creatures vanquished.

Notes
Turn   | Place    | Note
-------+----------+-------------------------------------------
     0 | D:1      | yoda5477 the Demonspawn Transmuter began the quest for the
                  | Orb.
     0 | D:1      | Reached XP level 1. HP: 15/15 MP: 3/3
   575 | D:1      | Gained mutation: A weak demonic guardian rushes to your
                  | aid. [demonic ancestry]
   575 | D:1      | Reached XP level 2. HP: 18/21 MP: 3/5
   879 | D:1      | Found a faded altar of an unknown god.
  1026 | D:1      | Reached skill level 1 in Stealth
  2142 | D:3      | Gained mutation: A demonic guardian rushes to your aid.
                  | [demonic ancestry]
  2142 | D:3      | Reached XP level 3. HP: 26/27 MP: 4/6
  2393 | D:3      | Noticed a water moccasin
  2404 | D:3      | Found a radiant altar of Vehumet.
  2512 | D:3      | Gained mutation: You regenerate magic rapidly. [demonic
                  | ancestry]
  2512 | D:3      | Reached XP level 4. HP: 33/34 MP: 5/7
  2512 | D:3      | Quit the game

Illustrated notes

Levels and vault maps discovered:
D:1:      mrwooster_arrival_statue_3, layout_basic,
          dreamdust_ecumenical_altar_sealed_demon
D:2:      layout_basic
D:3:      layout_basic, mainiacjoe_overflow_surrounded_room
D:4:      corexii_shantytown, layout_cave_pools,
          nicolae_dithmenos_shadow_blocks, kennysheep_ying_yang, uniq_robin

Skill      XL: |  1  2 |
---------------+-------+-----
Dodging        | 2 |  2.2
Stealth        | 1 |  1.9
Transmutations | 2 |  2.2
Fighting       | 2 |  2.3
Unarmed Combat | |  2.6
Spellcasting   | |  2.0

Action                   |  1- 3 |  4- 6 || total
-------------------------+-------+-------++-------
Melee: Unarmed           |    18 |       ||    18
       Kick              |     9 |       ||     9
       Headbutt          |    13 |       ||    13
       Dagger            |    46 |       ||    46
       Punch             |     2 |       ||     2
Throw: Stone             |     5 |       ||     5
 Cast: Beastly Appendage |    27 |       ||    27
 Stab: Sleeping          |     3 |       ||     3
Armor: Robe              |     5 |       ||     5
Dodge: Dodged            |    28 |       ||    28

Table legend: (Time is in decaauts)
 A = Elapsed time spent in this place.
 B = Non-inter-level travel time spent in this place.
 C = Inter-level travel time spent in this place.
 D = Time resting spent in this place.
 E = Time spent auto-exploring this place.
 F = Levels seen in this place.
 G = Mean time per level.
                   A        B        C        D        E       F      G
               +--------+--------+--------+--------+--------+-----+--------+
         Total |   2502 |   2474 |     28 |    660 |   1380 |   4 |  625.5 |
       Dungeon |   2502 |   2474 |     28 |    660 |   1380 |   4 |  625.5 |
               +--------+--------+--------+--------+--------+-----+--------+

Top non-repeatable levels by time:
     D:1: 1360 daAuts
     D:2: 751 daAuts
     D:3: 388 daAuts
     D:4: 1 daAuts
